 Dungeon Crawl Stone Soup version 0.27.0-1-g7a089689b8 (webtiles) character file.

Game seed: 5937984832895675408

63 Sin92 the Skirmisher (level 3, -8/29 HPs)
             Began as a Demonspawn Fighter on Aug 13, 2021.
             Mangled by Sigmund (10 damage)
             ... on level 2 of the Dungeon.
             The game lasted 00:01:09 (1681 turns).

Sin92 the Skirmisher (Demonspawn Fighter)           Turns: 1681, Time: 00:01:10

Health: -8/29      AC: 15    Str: 16    XL:     3   Next: 89%
Magic:  3/3        EV:  4    Int:  9    God:
Gold:   80         SH:  9    Dex: 13    Spells: 2/2 levels left

rFire    . . .     SeeInvis .   a - +0 war axe
rCold    . . .     Faith    .   c - +0 kite shield
rNeg     . . .     Spirit   .   g - +0 chain mail
rPois    .         Reflect  .   (helmet restricted)
rElec    .         Harm     .   (no cloak)
rCorr    .         Rampage  .   (no gloves)
Will     .....                  (no boots)
Stlth    ..........             (no amulet)
HPRegen  0.09/turn              (no ring)
MPRegen  0.08/turn              (no ring)

@: mighty, sanguine armoured
A: antennae 1, sanguine armour 1
a: no special abilities


You were on level 2 of the Dungeon.
You visited 1 branch of the dungeon, and saw 2 of its levels.

You collected 80 gold pieces.

Inventory:

Hand Weapons
 a - a +0 war axe (weapon)
Armour
 b - a +0 scale mail
 c - a +0 kite shield (worn)
 g - a +0 chain mail (worn)
Scrolls
 k - a scroll of fear {unknown}
Potions
 e - 2 potions of heal wounds {unknown}
 f - a potion of mutation {unknown}
 h - a potion of curing {unknown}
 i - a potion of lignification {unknown}
 j - a potion of degeneration {unknown}


   Skills:
 + Level 3.3 Fighting
 * Level 2.6 Axes
 + Level 3.0 Armour
 + Level 1.1 Dodging
 + Level 3.0 Shields


You had 2 spell levels left.
You didn't know any spells.
Your spell library was empty.

Dungeon Overview and Level Annotations

Branches:
Dungeon (2/15)

Altars:

Annotations:
D:2 Sigmund


Innate Abilities, Weirdness & Mutations

You have a pair of small antennae on your head.
When seriously injured, your bleeding wounds create armour. (AC +6)


Message History

Sigmund barely misses you.
Sigmund is nearby!
Unknown command.
You hit Sigmund.
Sigmund is lightly wounded.
Sigmund gestures wildly while chanting.
Sigmund flickers and vanishes!
Deactivating autopickup; reactivate with Ctrl-A.
You feel very mighty all of a sudden. You block something's attack.
Your chain mail prevents you from hitting something.
Something hits you but does no damage.
You hear some strange, mumbled words.
Something tries to affect you, but you resist.
You slash something! Something hits you but does no damage.
You closely miss something. Something hits you. x2
You closely miss something. Something hits you but does no damage.
You closely miss something. Something hits you. You block something's attack.
You miss something. You block something's attack. Something hits you.
Your blood congeals into armour.
Your shield and chain mail prevent you from hitting something.
Something hits you but does no damage.
You slash something!
You hear some strange, mumbled words.
A magic dart appears from out of thin air!
The magic dart hits you but does no damage.
You block something's attack.
You closely miss something.
You hear some strange, mumbled words.
Something tries to affect you, but you resist.
You closely miss something. Something hits you. Something hits you!
* * * LOW HITPOINT WARNING * * *
You closely miss something.
Something hits you but does no damage. x2
You miss something.
You hear some strange, mumbled words.
Something tries to affect you, but you resist.
You closely miss something. Something hits you.
* * * LOW HITPOINT WARNING * * *
Something hits you!
You die...

##.## #.# #.# ### ##
##'## ..... ##...## #.#.
##.....## #...
##...†...## #
.###...####.........####
......{@..'.........+...
.......####.........###.
#####.# ##.......## #.
#. ##.....## #) #
##...## #. ### ##+## #.
... #.# #. #.##.#######.
#............


There were no monsters in sight!

Vanquished Creatures
  An adder (D:2)
  A gnoll (D:1)
  2 dart slugs (D:1)
  5 endoplasms
  4 giant cockroaches (D:1)
  3 hobgoblins
  3 jackals (D:2)
  2 quokkas (D:1)
  6 ball pythons
  6 bats
  2 goblins
  A kobold (D:1)
  2 rats (D:1)
38 creatures vanquished.

Notes
Turn   | Place    | Note
-------+----------+-------------------------------------------
     0 | D:1      | Sin92 the Demonspawn Fighter began the quest for the Orb.
     0 | D:1      | Reached XP level 1. HP: 18/18 MP: 1/1
   144 | D:1      | Gained mutation: You have a pair of small antennae on your
                  | head. [demonic ancestry]
   144 | D:1      | Reached XP level 2. HP: 8/24 MP: 2/2
   669 | D:1      | Gained mutation: When seriously injured, your bleeding
                  | wounds create armour. (AC +6) [demonic ancestry]
   669 | D:1      | Reached XP level 3. HP: 27/29 MP: 3/3
  1012 | D:1      | Reached skill level 1 in Dodging
  1062 | D:1      | Found a faded altar of an unknown god.
  1662 | D:2      | Noticed Sigmund
  1681 | D:2      | Mangled by Sigmund

Illustrated notes

Levels and vault maps discovered:
D:1:      erik_arrival_blinker_ship, layout_basic,
          shapermc_ecumenical_altar_notcrosses,
          hangedman_abyss_or_decor_lesser_grid
D:2:      layout_loops_corners, uniq_sigmund

Skill      XL: |  1  2  3 |
---------------+----------+-----
Axes           | 2 |  2.6
Armour         | 3 |  3.0
Dodging        | 1 |  1.1
Shields        | 3 |  3.0
Fighting       | |  3.3

Action                   || total
-------------------------++-------
Melee: War axe           ||   119
  Use: Potion            ||     1
Armor: Scale mail        ||    14
       Chain mail        ||    77
Dodge: Dodged            ||    29
Block: Kite shield       ||    74
